 Dungeon Crawl Stone Soup version 0.31-a0-995-g04711c9635 (webtiles) character file.

Game seed: 6713319541659631425

1 Azuregosa the Sneak (level 1, -9/16 HPs)
             Began as an Octopode Delver on Nov 6, 2023.
             Killed by nerve-wracking pain
             ... invoked by Menkaure
              (12 damage)
             ... on level 4 of the Dungeon.
             The game lasted 00:01:28 (190 turns).

Azuregosa the Sneak (Octopode Delver)                Turns: 190, Time: 00:01:28

Health: -9/16      AC:  1    Str: 11    XL:     1   Next: 20%
Magic:  1/1        EV: 13    Int: 12    God:
Gold:   0          SH:  0    Dex: 13    Spells: 0/0 levels left

rFire   . . .        a - +0 hand axe
rCold   . . .        (no shield)
rNeg    . . .        (helmet restricted)
rPois   .            (no amulet)
rElec   .            (no ring)
rCorr   .            (no ring)
SInv    .            (no ring)
Will    .....        (no ring)
Stlth   ++++         (no ring)
HPRegen 0.22/turn    (no ring)
MPRegen 0.07/turn    (no ring)
                     (no ring)

%: no passive effects
@: no status effects
A: almost no armour, amphibious, 8 rings, camouflage 1, gelatinous body 1,
(nimble swimmer 1), tentacles
a: no special abilities


You were on level 4 of the Dungeon.
You visited 1 branch of the dungeon, and saw 2 of its levels.

Inventory:

Hand Weapons
 a - a +0 hand axe (weapon)
Wands
 f - a wand of digging (3)
Scrolls
 d - a scroll of fear
Potions
 c - a potion of curing {unknown}
 e - a potion of haste


   Skills:
 + Level 3.1 Fighting
 - Level 2.0 Axes
 - Level 2.0 Dodging
 - Level 6.6 Stealth


You couldn't memorise any spells.
You didn't know any spells.
Your spell library was empty.

Dungeon Overview and Level Annotations

Branches:
Dungeon (5/15)
 Temple: D:4-7

Altars:

Shops:
D:4 [

Annotations:
D:4 Menkaure


Innate Abilities, Weirdness & Mutations

You cannot wear most types of armour.
You are amphibious.
You can wear up to eight rings at the same time.
Your skin changes colour to match your surroundings (Stealth+).
Your rubbery body absorbs attacks. (AC +1, EV +1)
((You are camouflaged when in or above water. (Stealth+)))
You have tentacles for arms and can constrict up to eight enemies at once.


Message History

There is an open door here.
There is a stone staircase leading up here.
You climb upwards.
Found a helmet.
Found Patih's Armour Emporium.
Found a stone staircase leading down.
There is a stone staircase leading down here.
You start resting.
HP restored.
There is an entrance to Patih's Armour Emporium here.
There is a fountain of clear blue water here.
A giant cockroach comes into view.
The helpless giant cockroach fails to defend itself.
You slash the giant cockroach!
You kill the giant cockroach!
You open the door.
There is an open door here.
You open the door.
There is an open door here.
Menkaure, Prince of Dust comes into view.
Found a leather armour.
Menkaure shouts!
As you read the scroll of fog, it dissolves into smoke.
Menkaure points at you and mumbles some strange words.
You barely resist.
Menkaure screams, "Why can't you leave me to my rest?"
Menkaure calls on the powers of darkness!
Your body is wracked with pain!
Menkaure casts a spell.
Menkaure seems to speed up.
Menkaure calls on the powers of darkness!
Your body is wracked with pain!
You see here a giant cockroach corpse.
Menkaure gestures at you while chanting.
Pain shoots through your body!
Ouch! That really hurt!
* * * LOW HITPOINT WARNING * * *
Menkaure gestures at you while chanting.
Pain shoots through your body!
Ouch! That really hurt!
You die...

#[.......####
##......## ####.###
##.## #⌠.⌠## # #.∩..#
..#.###⌠.⌠.####
........###...#
..#.##.#.#.##@#########
#..........†M....#
#.....##.#######.#####
#....###.# #........#
#........# #.##.###M#
###.###### ##.##.# #.#
#.# #.....# #.# ##'##
#..#### #.# ##...##
#..######M#


You could see Menkaure (fast).

Vanquished Creatures
  A giant cockroach (D:4)
1 creature vanquished.

Notes
Turn   | Place    | Note
-------+----------+-------------------------------------------
     0 | D:5      | Azuregosa the Octopode Delver began the quest for the Orb.
     0 | D:5      | Reached XP level 1. HP: 16/16 MP: 1/1
    28 | D:5      | Noticed an iguana
    33 | D:4      | Found Patih's Armour Emporium.
   134 | D:4      | Noticed Menkaure
   190 | D:4      | Killed from afar by Menkaure

Illustrated notes

Levels and vault maps discovered:
D:4:      layout_loops_corners, mainiacjoe_overflow_alcove_3,
          lightli_temple_of_fire, temple_fountains, serial_shops,
          shop_fountains, uniq_duvessa, uniq_blork_the_orc, uniq_menkaure,
          uniq_ijyb
D:5:      layout_basic, chequers_temple_overflow_minitemple,
          nemelex_dance_club_becter

Action                     || total
---------------------------++-------
  Melee: Hand axe          ||     1
    Use: Scroll            ||     2
   Stab: Sleeping          ||     1
 Armour: Skin              ||     1
  Dodge: Dodged            ||     1

Table legend: (Time is in decaauts)
 A = Elapsed time spent in this place.
 B = Non-inter-level travel time spent in this place.
 C = Inter-level travel time spent in this place.
 D = Time resting spent in this place.
 E = Time spent auto-exploring this place.
 F = Levels seen in this place.
 G = Mean time per level.
                   A        B        C        D        E       F      G
               +--------+--------+--------+--------+--------+-----+--------+
         Total |    189 |    189 |      0 |     35 |     51 |   2 |   94.5 |
       Dungeon |    189 |    189 |      0 |     35 |     51 |   2 |   94.5 |
               +--------+--------+--------+--------+--------+-----+--------+

Top non-repeatable levels by time:
     D:4: 156 daAuts
     D:5: 33 daAuts
